 Dungeon Crawl Stone Soup version 0.28.0-53-g5a82cb258f (webtiles) character file.

Game seed: 17519725997330654332

53 MiltankisOP the Stinger (level 3, 0/15 HPs)
             Began as a Felid Venom Mage on July 12, 2022.
             Succumbed to an adder's poison
             ... on level 2 of the Dungeon.
             The game lasted 00:03:59 (2340 turns).

MiltankisOP the Stinger (Felid Venom Mage)          Turns: 2340, Time: 00:04:00

Health: 0/15       AC:  1    Str:  4    XL:     3   Next: 64%
Magic:  2/7        EV: 17    Int: 16    God:
Gold:   109        SH:  0    Dex: 18    Spells: 5/6 levels left
                                        Lives:  0   Deaths: 0

rFire   . . .      SeeInvis +   (weapon unavailable)
rCold   . . .      Faith    .   (shield unavailable)
rNeg    . . .      Spirit   .   (armour unavailable)
rPois   .          Reflect  .   (helmet unavailable)
rElec   .          Harm     .   (cloak unavailable)
rCorr   .          Rampage  .   (gloves unavailable)
Will    .....                   (boots unavailable)
Stlth   ++........              (no amulet)
HPRegen 0.05/turn               (no ring)
MPRegen 0.10/turn               (no ring)

@: mighty, lethally poisoned (0 -> -2), quick
A: very small, claws 1, fangs 3, see invisible, speed 1, shaggy fur 1, stealthy
paws, no weapons or thrown items, no armour, multi-lived, robust 1, inability to
read while threatened
a: no special abilities


You were on level 2 of the Dungeon.
You visited 1 branch of the dungeon, and saw 2 of its levels.

You collected 109 gold pieces.

Inventory:

Jewellery
 e - a ring of magical power
Scrolls
 b - a scroll of enchant armour {unknown}
 c - 2 scrolls of identify {unknown}
 d - 2 scrolls of teleportation {unknown}
 f - a scroll of magic mapping {unknown}
 h - a scroll of holy word {unknown}
Potions
 a - a potion of mutation


   Skills:
 - Level 2.7 Dodging
 - Level 2.7 Stealth
 - Level 2.0 Spellcasting
 - Level 1.1 Transmutations
 + Level 4.2 Poison Magic


You had 5 spell levels left.
You knew the following spells:

 Your Spells              Type           Power      Damage    Failure   Level
a - Sting                 Tmut/Pois      40%        1d5       7%          1

Your spell library contained the following spells:

 Spells                   Type           Power      Damage    Failure   Level
 Poisonous Vapours        Pois/Air       16%        N/A       13%         2
 Mephitic Cloud           Conj/Pois/Air  6%         N/A       34%         3
 Olgreb's Toxic Radiance  Pois           15%        N/A       36%         4


Dungeon Overview and Level Annotations

Branches:
Dungeon (2/15)

Altars:


Innate Abilities, Weirdness & Mutations

You have sharp claws.
You have razor-sharp teeth.
You have supernaturally acute eyesight. (SInv)
You cover ground quickly. (Speed+)
You are covered in fur. (AC +1)
Your paws help you pounce on unaware monsters.
You are incapable of wielding weapons or throwing items.
You cannot wear armour.
You gain extra lives every three experience levels.
You are robust. (+10% HP)
You sometimes lose the ability to read scrolls when taking damage.


Message History

The adder looks even sicker.
The adder is lightly wounded.
The adder bites you.
Casting: Sting (safe; 7% risk of failure)
Confirm with . or Enter, or press ? or * to list all spells.
Aiming: Sting (safe; 7% risk of failure)
Press: ? - help, Shift-Dir - straight line, f/p - adder
Aim: an adder (heavily wounded, very poisoned, 48% to hit)
The sting misses the adder.
The adder bites you. The adder barely misses you.
Casting: Sting (safe; 7% risk of failure)
Confirm with . or Enter, or press ? or * to list all spells.
Aiming: Sting (safe; 7% risk of failure)
Press: ? - help, Shift-Dir - straight line, f/p - adder
Aim: an adder (heavily wounded, very poisoned, 48% to hit)
The sting misses the adder.
The adder misses you.
Casting: Sting (safe; 7% risk of failure)
Confirm with . or Enter, or press ? or * to list all spells.
Aiming: Sting (safe; 7% risk of failure)
Press: ? - help, Shift-Dir - straight line, f/p - adder
Aim: an adder (heavily wounded, very poisoned, 48% to hit)
The sting hits the adder.
The adder looks as sick as possible!
The adder is almost dead.
The adder bites you.
You are lethally poisoned!
The adder poisons you!
* * * LOW HITPOINT WARNING * * *
You feel sick.
There is an open door here.
It was a potion of mutation.
You feel extremely strange.
You feel robust.
You lose the ability to read scrolls when threatened.
* * * LOW HITPOINT WARNING * * *
You feel sick.
You kill the adder!
It was a potion of might.
You feel very mighty all of a sudden.
* * * LOW HITPOINT WARNING * * *
You feel sick.
You feel mightier all of a sudden.
You die...

#^.8......#.#.########
#.^......#.#.........
#8........#.........
#####.....####.........
#...#.†...'..#.........
#.........##.#.........
#.........##.#.........
#.........##.##........
#.........##..@........
#+#.........#####........
.........#### #........
.........# #########
.........# ......(..#
#'######## #.# #.#


There were no monsters in sight!

Vanquished Creatures
  An adder (D:2)
  A worm (D:2)
  2 ball pythons
  6 endoplasms
  4 giant cockroaches
  5 goblins
  2 hobgoblins
  3 jackals (D:1)
  A quokka (D:2)
  A bat (D:2)
  2 frilled lizards
  6 kobolds
  4 rats
38 creatures vanquished.

Notes
Turn   | Place    | Note
-------+----------+-------------------------------------------
     0 | D:1      | MiltankisOP the Felid Venom Mage began the quest for the
                  | Orb.
     0 | D:1      | Reached XP level 1. HP: 7/7 MP: 4/4
   229 | D:1      | Reached skill level 3 in Poison Magic
   324 | D:1      | Reached XP level 2. HP: 11/11 MP: 3/6
  1458 | D:2      | Reached XP level 3. HP: 14/14 MP: 5/7
  2085 | D:2      | Reached skill level 4 in Poison Magic
  2338 | D:2      | Gained mutation: You are robust. (+10% HP) [potion of
                  | mutation]
  2338 | D:2      | Gained mutation: You sometimes lose the ability to read
                  | scrolls when taking damage. [potion of mutation]
  2340 | D:2      | Succumbed to an adder's poison

Illustrated notes

Levels and vault maps discovered:
D:1:      lemuel_arrival_rhombus, layout_loops_corners, minmay_tromino_v4_b
D:2:      layout_basic, shapermc_ecumenical_altar_petra

Skill      XL: |  1  2  3 |
---------------+----------+-----
Poison Magic   | 3 4 |  4.2
Dodging        | |  2.7
Stealth        | |  2.7
Spellcasting   | |  2.0
Transmutations | |  1.1

Action                   || total
-------------------------++-------
Melee: Unarmed           ||    26
       Bite              ||     2
 Cast: Sting             ||    69
  Use: Potion            ||     3
Armor: Skin              ||     1
Dodge: Dodged            ||    37
